 Dungeon Crawl Stone Soup version 0.18.1-5-g4a78601 (console) character file.

5973 Kloppie the Fighter (level 11, -1/90 HPs)
             Began as a Human Fighter on May 11, 2016.
             Was a High Priest of Okawaru.
             Slain by a seven-headed hydra (5 damage)
             ... on level 9 of the Dungeon.
             The game lasted 00:16:59 (9506 turns).

Kloppie the Fighter (Human Fighter)                 Turns: 9506, Time: 00:16:59

Health: -1/90      AC: 19    Str: 22    XL:     11   Next: 10%
Magic:  9/11       EV: 12    Int: 11    God:    Okawaru [*****.]
Gold:   468        SH:  0    Dex: 19    Spells: 0 memorised, 10 levels left

rFire  + . .     SeeInvis .     C - +10 quarterstaff {crush, rF- Str+5}
rCold  . . .     Gourm    .     v - +0 chain mail {rF+}
rNeg   . . .     Faith    +     (shield currently unavailable)
rPois  .         Spirit   .     (no helmet)
rElec  .         Dismiss  .     z - +0 cloak
rCorr  .         Reflect  .     (no gloves)
SustAt .         Harm     .     y - +1 pair of boots
MR     .....                    F - amulet of faith
Stlth  ..........               r - +4 ring of dexterity
                                i - +2 ring of protection

@: heroism, not resistant to hostile enchantments, extremely unstealthy
A: clever 1, fire resistance 1
a: Heroism, Finesse, Renounce Religion


You were on level 9 of the Dungeon.
You worshipped Okawaru.
Okawaru was extremely pleased with you.
You were not hungry.

You visited 1 branch of the dungeon, and saw 9 of its levels.
You also visited: Sewer.

You collected 468 gold pieces.

Inventory:

Hand Weapons
 a - a +0 long sword
 h - a +0 flail
 C - the +10 quarterstaff of Ogup Pix (weapon) {crush, rF- Str+5}
   (You found it on level 4 of the Dungeon)

   It inflicts extra damage upon your enemies.
   It affects your strength (+5).
   It makes you vulnerable to fire.
 H - a +3 lajatang of electrocution
Armour
 c - a +0 shield
 v - a +0 chain mail of fire resistance (worn)
 y - a +1 pair of boots (worn)
 z - a +0 cloak (worn)
Magical Staves
 A - an uncursed staff of energy
 O - an uncursed staff of power
Jewellery
 i - a +2 ring of protection (left hand)
 l - the ring "Voinach" {*Corrode rElec Str+3 Int+7}
   (You found it on level 6 of the Dungeon)

   [ring of strength]

   It affects your strength (+3).
   It affects your intelligence (+7).
   It insulates you from electricity.
   It may corrode you when you take damage.
 r - a +4 ring of dexterity (right hand)
 B - a cursed amulet of inaccuracy {unknown}
 D - an uncursed ring of wizardry
 F - an amulet of faith (around neck)
Wands
 g - a wand of digging (13/24)
 n - a wand of paralysis (5/24)
 I - a wand of iceblast (4/15)
 M - a wand of teleportation (5/9)
Scrolls
 d - 5 scrolls of enchant armour
 e - 2 scrolls of amnesia
 m - 4 scrolls of teleportation
 p - 5 scrolls of remove curse
Potions
 o - a potion of ambrosia
 q - a potion of might
 s - a potion of curing
 t - 2 potions of haste
 u - a potion of invisibility
 w - 6 potions of flight {unknown}
 x - a potion of magic {unknown}
 E - 2 potions of cancellation {unknown}
 G - a potion of heal wounds {unknown}
 J - a potion of degeneration {unknown}
 L - a potion of lignification {unknown}
Comestibles
 b - 3 royal jellies
 f - 3 bread rations
 j - 2 beef jerkies
 k - 5 meat rations
 P - 4 chunks of flesh


   Skills:
 + Level 9.8(14.8) Fighting
 - Level 4.8(9.8) Long Blades
 + Level 7.9(12.9) Staves
 + Level 9.7(14.7) Armour
 - Level 3.0(8.0) Shields


You had 10 spell levels left.
You didn't know any spells.

Dungeon Overview and Level Annotations

Branches:
Dungeon (9/15)             Temple (0/1) D:7             Orc (0/2) D:9
   Lair: D:8-11

Altars:
Ashenzari
Cheibriados
Dithmenos
Elyvilon
Kikubaaqudgha
Nemelex Xobeh
Okawaru
Qazlal
Ru
Zin

Shops:
D:4 }   D:6 [


Innate Abilities, Weirdness & Mutations

Your mind is acute. (Int +2)
Your flesh is heat resistant.


Message History

The seven-headed hydra barely misses you.
The seven-headed hydra bites you but does no damage.
Okay, then.
Drink which item? (? for menu, Esc to quit)
You feel better.
The seven-headed hydra bites you but does no damage.
The seven-headed hydra bites you.
* * * LOW HITPOINT WARNING * * *
The seven-headed hydra bites you but does no damage.
The seven-headed hydra misses you.
The seven-headed hydra bites you but does no damage.
The seven-headed hydra completely misses you.
The seven-headed hydra bites you!
* * * LOW HITPOINT WARNING * * *
You sock the seven-headed hydra!
The seven-headed hydra is heavily wounded.
The seven-headed hydra bites you!
* * * LOW HITPOINT WARNING * * *
The seven-headed hydra bites you.
You die...

#......((..#
###........#....#
#.###......#....#
....###....#....#
#........(.#....#
#..........#....###+###
##.........#....#8...8##
.#.........#....D.......
.#.........#....@).>....
...+...#####............
...#...#................
...#####................
.........#######........
.........# #..######
...####..# #..# ...#
#..# #..# ...# #..# .#


You could see a seven-headed hydra.

Vanquished Creatures
  A flayed ghost (D:8)
  A cyclops (D:9)
  The ghost of Gottschkopf the Ruffian, an amateur DrTm of Elyvilon (D:5)
  A shadow (D:8)
  A wyvern (D:8)
  4 wraiths (D:8)
  5 fire bats (D:8)
  A hungry ghost (D:8)
  An ice beast (D:8)
  3 sky beasts
  A necrophage (D:8)
  4 ogres
  A wasp (D:8)
  2 centaurs
  2 big kobolds
  A giant frog (D:7)
  2 scorpions (D:8)
  10 killer bees (D:8)
  A vampire bat (D:6)
  2 howler monkeys (D:4)
  3 crimson imps
  A jelly (D:7)
  A quasit (D:6)
  7 orc priests
  5 hounds
  4 orc wizards
  An iguana (D:4)
  7 worker ants
  A killer bee zombie (D:8)
  A mummy (D:6)
  8 gnolls
  A howler monkey skeleton (D:5)
  8 adders
  A river rat (Sewer)
  3 oozes
  An adder zombie (D:6)
  2 adder skeletons
  4 worms
  4 dart slugs
  7 giant geckos
  33 orcs
  3 ball pythons
  19 bats
  8 giant cockroaches
  5 goblins
  10 hobgoblins
  18 jackals
  16 kobolds
  3 quokkas
  6 giant newts
  A hobgoblin zombie (D:6)
  2 jackal skeletons (D:5)
  A jackal zombie (D:5)
  2 kobold zombies (D:6)
  An orc zombie (D:6)
  A quokka zombie (D:6)
  6 rats
250 creatures vanquished.

Notes
Turn   | Place    | Note
--------------------------------------------------------------
     0 | D:1      | Kloppie the Human Fighter began the quest for the Orb.
     0 | D:1      | Reached XP level 1. HP: 18/18 MP: 1/1
    97 | D:1      | Reached XP level 2. HP: 11/24 MP: 2/2
   426 | D:1      | Reached XP level 3. HP: 28/29 MP: 3/3
   677 | D:1      | You fall through a shaft!
  1035 | D:2      | Reached XP level 4. HP: 37/37 MP: 4/4
  1351 | D:2      | Found a snail-covered altar of Cheibriados.
  1932 | D:3      | Reached XP level 5. HP: 28/42 MP: 5/5
  2077 | D:3      | Found a sparkling altar of Nemelex Xobeh.
  2343 | D:3      | Found a white marble altar of Elyvilon.
  2346 | D:3      | Found a glowing silver altar of Zin.
  2349 | D:3      | Found a stormy altar of Qazlal.
  2508 | D:4      | Reached XP level 6. HP: 45/49 MP: 6/6
  2522 | D:4      | Found an iron altar of Okawaru.
  2528 | D:4      | Became a worshipper of Warmaster Okawaru
  2850 | D:4      | Reached skill level 5 in Armour
  2850 | D:4      | Reached XP level 7. HP: 45/55 MP: 7/7
  2969 | D:4      | Found a glowing drain.
  2996 | Sewer    | Entered a sewer
  3152 | Sewer    | Reached * piety under Okawaru
  3152 | Sewer    | Reached skill level 5 in Fighting
  3509 | D:4      | Found Fyez's Gadget Boutique.
  3772 | D:4      | Got a translucent quarterstaff
  4072 | D:4      | Identified the +10 quarterstaff of Ogup Pix {crush, rF- Str+5} (You found it on level 4 of the Dungeon)
  4281 | D:5      | Entered Level 5 of the Dungeon
  4293 | D:4      | Reached skill level 1 in Staves
  4293 | D:4      | Reached XP level 8. HP: 30/64 MP: 8/8
  4512 | D:5      | Reached ** piety under Okawaru
  4643 | D:5      | Noticed Gottschkopf's ghost (amateur DrTm)
  4716 | D:6      | Found Aciuveh's Antique Armour Boutique.
  4949 | D:6      | Gained mutation: Your mind is acute. (Int +2) [potion of beneficial mutation]
  4950 | D:6      | Gained mutation: Your flesh is heat resistant. [potion of beneficial mutation]
  5168 | D:6      | Got a transparent glass ring
  5245 | D:6      | Reached *** piety under Okawaru
  5245 | D:6      | Reached XP level 9. HP: 71/71 MP: 9/9
  5509 | D:5      | Killed Gottschkopf's ghost
  5695 | D:5      | Identified the ring "Voinach" {*Corrode rElec Str+3 Int+7} (You found it on level 6 of the Dungeon)
  5776 | D:5      | Found an ancient bone altar of Kikubaaqudgha.
  6509 | D:7      | Reached skill level 5 in Staves
  6775 | D:7      | Found a staircase to the Ecumenical Temple.
  7568 | D:8      | Reached **** piety under Okawaru
  7659 | D:8      | Reached XP level 10. HP: 62/80 MP: 10/10
  8474 | D:8      | Found a sacrificial altar of Ru.
  8507 | D:8      | Reached ***** piety under Okawaru
  8668 | D:8      | Found a stormy altar of Qazlal.
  8678 | D:8      | Found a runed door.
  8679 | D:8      | Found an ancient bone altar of Kikubaaqudgha.
  8686 | D:8      | Found an iron altar of Okawaru.
  8732 | D:8      | Found a shadowy altar of Dithmenos.
  8744 | D:8      | Found a sparkling altar of Nemelex Xobeh.
  9089 | D:8      | Noticed a flayed ghost
  9105 | D:8      | Killed a flayed ghost
  9105 | D:8      | Reached XP level 11. HP: 38/90 MP: 8/11
  9109 | D:8      | Got a transparent leather armour
  9397 | D:8      | Identified the +2 leather armour of Ituokire {rN+ Int-2 Dex+4} (You found it on level 8 of the Dungeon)
  9412 | D:9      | Noticed a cyclops
  9420 | D:9      | Killed a cyclops
  9420 | D:9      | Received a gift from Okawaru
  9449 | D:9      | Found a shattered altar of Ashenzari.
  9492 | D:9      | Found a staircase to the Orcish Mines.
  9495 | D:9      | Noticed a seven-headed hydra
  9506 | D:9      | HP: 4/90 [seven-headed hydra (11)]
  9506 | D:9      | Slain by a seven-headed hydra

Skill      XL: |  1  2  3  4  5  6  7  8  9 10 |
---------------+-------------------------------+-----
Fighting       | 4 5 6 8 9 |  9.8
Long Blades    | 3 4 |  4.8
Armour         | 4 5 6 8 9 |  9.7
Staves         | 1 3 5 7 |  7.9
Shields        | |  3.0

Action                   |  1- 3 |  4- 6 |  7- 9 | 10-12 || total
-------------------------+-------+-------+-------+-------++-------
Melee: Long sword        |   134 |   232 |   141 |       ||   507
       Quarterstaff      |       |       |   195 |   139 ||   334
       Lajatang          |       |       |       |     4 ||     4
Invok: Heroism           |       |       |     1 |     4 ||     5
  Use: Potion            |       |     1 |     3 |     2 ||     6
       Scroll            |       |       |    13 |     3 ||    16
  Eat: Chunk             |       |     6 |     9 |     2 ||    17
       Beef jerky        |       |     1 |       |       ||     1
       Meat ration       |       |       |     1 |     1 ||     2
       Bread ration      |       |       |     1 |       ||     1
Armor: Scale mail        |    90 |    67 |       |       ||   157
       Chain mail        |       |   107 |   237 |   108 ||   452
Dodge: Dodged            |    46 |    86 |   108 |    72 ||   312
Block: Shield            |    90 |   153 |    74 |       ||   317
